 Dungeon Crawl Stone Soup version 0.31-a0-1074-g0b22e4e0f1 (webtiles) character file.

Game seed: 2434249837707699489

7 dialectric the Shield-Bearer (level 1, -1/20 HPs)
             Began as a Minotaur Fighter on Dec 2, 2023.
             Slain by a jackal (3 damage)
             ... on level 1 of the Dungeon.
             The game lasted 00:00:08 (73 turns).

dialectric the Shield-Bearer (Minotaur Fighter)       Turns: 73, Time: 00:00:09

Health: -1/20      AC:  7    Str: 20    XL:     1   Next: 91%
Magic:  0/0        EV:  9    Int:  5    God:
Gold:   15         SH:  4    Dex:  9    Spells: 0/0 levels left

rFire   . . .        a - +0 flail
rCold   . . .        c - +0 buckler
rNeg    . . .        b - +0 scale mail
rPois   .            (helmet restricted)
rElec   .            (no cloak)
rCorr   .            (no gloves)
SInv    .            (no boots)
Will    .....        (no amulet) Stlth
                     (no ring)
HPRegen 0.23/turn    (no ring)
MPRegen 0.07/turn

%: no passive effects
@: no status effects
A: horns 2, retaliatory headbutt
a: no special abilities


You were on level 1 of the Dungeon.
You visited 1 branch of the dungeon, and saw 1 of its levels.

You collected 15 gold pieces.

Inventory:

Hand Weapons
 a - a +0 flail (weapon)
Armour
 b - a +0 scale mail (worn)
 c - a +0 buckler (worn)
Jewellery
 g - a ring of ice
Scrolls
 e - a scroll of vulnerability {unknown}
 f - a scroll of identify {unknown}
Potions
 d - 2 potions of might


   Skills:
 + Level 3.8 Fighting
 + Level 2.6 Maces & Flails
 + Level 3.8 Armour
 + Level 3.8 Shields


You couldn't memorise any spells.
You didn't know any spells.
Your spell library was empty.

Dungeon Overview and Level Annotations

Branches:
Dungeon (1/15)

Altars:


Innate Abilities, Weirdness & Mutations

You have a pair of horns on your head.
You reflexively headbutt those who attack you in melee.


Message History

The jackal bites you but does no damage. x2
You thump the jackal!
You kill the jackal!
You block the jackal's attack.
A jackal comes into view.
The jackal barks!
You hit the jackal but do no damage. The jackal barely misses you.
The jackal bites you.
You hit the jackal. Your headbutt misses the jackal.
The jackal is lightly wounded.
The jackal closely misses you. You block the jackal's attack.
You hit the jackal. Your headbutt misses the jackal.
The jackal is heavily wounded.
The jackal bites you but does no damage.
The endoplasm hits you but does no damage.
The jackal bites you. x2; The endoplasm hits you.
You barely miss the jackal.
The jackal is heavily wounded.
The jackal bites you but does no damage. x2
The jackal barely misses you. The endoplasm freezes you.
You are frozen.
The jackal bites you but does no damage.
The jackal attacks as it pursues you! The jackal bites you.
The endoplasm barely misses you.
The endoplasm attacks as it pursues you!
The endoplasm hits you.
* * * LOW HITPOINT WARNING * * *
The jackal bites you but does no damage.
The endoplasm freezes you.
You are frozen.
* * * LOW HITPOINT WARNING * * *
The jackal bites you.
* * * LOW HITPOINT WARNING * * *
The jackal attacks as it pursues you!
The jackal bites you but does no damage.
The endoplasm attacks as it pursues you!
You block the endoplasm's attack. The jackal attacks as it pursues you!
The jackal bites you.
You die...

#.....#.†#
#....###.#####
#..### #.....#
#..# #.....# #..#
#.....# #..#
#..h..# #.##
#J....####
#.######h........#
#.....@.....####
...###########


You could see an endoplasm and 2 jackals.

Vanquished Creatures
  A bat (D:1)
  An endoplasm (D:1)
  A giant cockroach (D:1)
  2 jackals (D:1)
  A rat (D:1)
6 creatures vanquished.

Notes
Turn   | Place    | Note
-------+----------+-------------------------------------------
     0 | D:1      | dialectric the Minotaur Fighter began the quest for the
                  | Orb.
     0 | D:1      | Reached XP level 1. HP: 19/19 MP: 0/0
    70 | D:1      | HP: 1/20 [jackal (3)]
    73 | D:1      | Slain by a jackal

Illustrated notes

Levels and vault maps discovered:
D:1:      mrwooster_arrival_statue_2, layout_rooms,
          shapermc_ecumenical_altar_starsandcircs, st_stairs_11, minivault_5,
          kennysheep_pointless_box, minmay_tall_x

Action                     || total
---------------------------++-------
  Melee: Flail             ||    14
 Armour: Scale mail        ||    24
  Dodge: Dodged            ||    12
  Block: Buckler           ||     5

Table legend: (Time is in decaauts)
 A = Elapsed time spent in this place.
 B = Non-inter-level travel time spent in this place.
 C = Inter-level travel time spent in this place.
 D = Time resting spent in this place.
 E = Time spent auto-exploring this place.
 F = Levels seen in this place.
 G = Mean time per level.
                   A        B        C        D        E       F      G
               +--------+--------+--------+--------+--------+-----+--------+
         Total |     77 |     77 |      0 |      0 |     41 |   1 |   77.0 |
       Dungeon |     77 |     77 |      0 |      0 |     41 |   1 |   77.0 |
               +--------+--------+--------+--------+--------+-----+--------+

Top non-repeatable levels by time:
     D:1: 77 daAuts
